AoeStats
← WaRLoOcK

Oasis

509402944Analyzed
4v4 RM · 4d ago on Sep 26, 2026· 48m 47s· 8 players
Game mode
Random Map
Map size
Large (8 player)
Population
200
Speed
Normal
Resources
Standard
Victory
Conquest
Starting age
Dark Age
Ending age
Imperial Age
RankedLock teamsTeams togetherTeam positionsShared explorationLock speedFull tech treeHidden civsTurbo modeCheats
Victory
Defeat
🇹🇷 Cumans · Türkiye
818
+7
🇯🇵 Britons · Japan
796
+8
🇹🇷 Dravidians · Türkiye
555
+17
🇸🇪 Bulgarians · Sweden
549
+17
🇧🇷 Britons · Brazil
667
-15
🇵🇪 Cumans · Peru
657
-15
🇦🇷 Britons · Argentina
547
-10
🇪🇸 Tatars · Spain
500
-9
jhoelm460
13:09 Feudal Age
14:28 Wheelbarrow
13:44 Double-Bit Axe
13:42 Horse Collar
22:01 Castle Age
23:24 Hand Cart
23:47 Heavy Plow
23:41 Gold Mining
24:04 Bow Saw
27:18 Squires
26:41 Pikeman
30:35 Scale Mail Armor
31:06 Scale Barding Armor
31:13 Forging
30:54 Fletching
37:18 Imperial Age
35:04 Elite Skirmisher
35:51 Thumb Ring
35:06 Crossbowman
35:10 Man-at-Arms
38:05 Long Swordsman
38:55 Padded Archer Armor
39:11 Chain Mail Armor
40:05 Steppe Husbandry
41:51 Two-Man Saw
41:29 Crop Rotation
41:42 Gold Shaft Mining
40:57 Stone Mining
42:07 Cavalier
KaosxD
14:53 Feudal Age
15:53 Double-Bit Axe
15:54 Horse Collar
24:17 Castle Age
29:15 Wheelbarrow
30:13 Bow Saw
35:11 Husbandry
WaRLoOcK
8:16 Loom
13:07 Feudal Age
17:03 Wheelbarrow
18:37 Double-Bit Axe
19:00 Horse Collar
25:49 Castle Age
25:40 Fletching
25:52 Padded Archer Armor
27:03 Elite Skirmisher
30:59 Gold Mining
31:00 Stone Mining
31:54 Yeomen
32:09 Bow Saw
33:22 Bodkin Arrow
Milo
6:18 Loom
12:25 Feudal Age
13:50 Wheelbarrow
14:18 Town Watch
14:18 Horse Collar
KATTLA
2:32 Loom
12:57 Feudal Age
14:20 Double-Bit Axe
14:46 Horse Collar
15:30 Town Watch
15:44 Arson
20:51 Forging
20:42 Scale Mail Armor
23:25 Bloodlines
27:34 Castle Age
27:29 Scale Barding Armor
29:03 Iron Casting
28:43 Chain Mail Armor
29:00 Pikeman
29:43 Squires
29:30 Gambesons
33:03 Wheelbarrow
32:38 Heavy Plow
33:26 Gold Mining
34:59 Husbandry
40:10 Stone Mining
40:44 Chain Barding Armor
45:12 Imperial Age
43:25 Murder Holes
43:51 Ballistics
43:44 Masonry
44:43 Hand Cart
47:00 Blast Furnace
46:30 Plate Mail Armor
46:36 Plate Barding Armor
46:44 Bow Saw
47:08 Crop Rotation
parla
0:28 Loom
13:17 Feudal Age
17:37 Wheelbarrow
20:43 Double-Bit Axe
23:08 Bloodlines
27:59 Castle Age
31:53 Hand Cart
33:40 Bow Saw
33:42 Steppe Husbandry
34:45 Bloodlines
34:02 Light Cavalry
34:39 Murder Holes
35:03 Gold Mining
35:04 Stone Mining
35:02 Town Watch
37:14 Caravan
39:19 Capped Ram
44:43 Imperial Age
42:16 Town Patrol
42:24 Scale Barding Armor
48:27 Crossbowman
49:13 Thumb Ring
李靖
tabinoko
11:03 Feudal Age
12:25 Wheelbarrow
11:34 Horse Collar
11:43 Double-Bit Axe
12:37 Town Watch
14:44 Stone Mining
14:45 Gold Mining
15:07 Gold Mining
26:08 Castle Age
26:01 Fletching
26:11 Padded Archer Armor
26:22 Forging
26:13 Scale Mail Armor
26:18 Scale Barding Armor
27:10 Hand Cart
27:34 Caravan
27:48 Town Patrol
30:45 Gold Shaft Mining
30:42 Bow Saw
31:39 Heavy Plow
33:40 Loom
34:49 Leather Archer Armor
34:30 Bodkin Arrow
35:10 Iron Casting
34:50 Chain Mail Armor
34:56 Chain Barding Armor
36:13 Fortified Wall
38:31 Coinage
40:44 Imperial Age
41:27 Yeomen
40:36 Elite Skirmisher
42:43 Chemistry
41:28 Arrowslits
41:34 Guard Tower
42:04 Ballistics
41:35 Heated Shot
41:41 Murder Holes
41:26 Treadmill Crane
42:23 Plate Mail Armor
42:23 Ring Archer Armor
41:54 Bracer
43:18 Two-Man Saw
42:21 Elite Longbowman
43:22 Conscription
42:30 Capped Ram
44:13 Plate Barding Armor
44:25 Banking
45:59 Blast Furnace
45:08 Siege Engineers
45:13 Masonry
45:24 Ballistics
46:11 Guilds
45:43 Man-at-Arms
46:24 Squires
45:45 Pikeman
46:10 Gambesons
46:11 Arson
45:49 Crossbowman
45:50 Cranequins
46:51 Light Cavalry
47:32 Husbandry
46:54 Cavalier
46:57 Onager
46:57 Heavy Scorpion
48:19 Hoardings
48:12 Arbalester
48:13 Heavy Mounted Crossbowman
48:16 Long Swordsman
48:18 Halberdier
49:38 Architecture
Connection lost

Rejoining the realm…

Still unreachable

The connection could not be restored.

Session expired

The server has moved on; the page needs a fresh start.